 Dungeon Crawl Stone Soup version 0.23-a0-577-g2b1de944cd (webtiles) character file.

51 Flugkiller the Insei (level 3, 0/26 HPs)
             Began as a Merfolk Transmuter on Dec 14, 2018.
             Slain by a worker ant (4 damage)
             ... on level 4 of the Dungeon.
             The game lasted 00:02:55 (1090 turns).

Flugkiller the Insei (Merfolk Transmuter)           Turns: 1090, Time: 00:02:55

Health: 0/26       AC:  2    Str: 10    XL:     3   Next: 81%
Magic:  4/6        EV: 13    Int: 13    God:
Gold:   36         SH:  0    Dex: 14    Spells: 0/6 levels left

rFire    . . .     SeeInvis .     - Unarmed
rCold    . . .     Gourm    .   (no shield)
rNeg     . . .     Faith    .   b - +0 robe
rPois    .         Spirit   .   (no helmet)
rElec    .         Reflect  .   (no cloak)
rCorr    .         Harm     .   (no gloves)
MR       .....                  (no boots)
Stlth    +.........             (no amulet)
HPRegen  0.08/turn              (no ring)
MPRegen  0.10/turn              (no ring)

@: very slightly contaminated
A: change form in water, swift swim, stealthy swim
a: no special abilities


You were on level 4 of the Dungeon.
You were very hungry.

You visited 1 branch of the dungeon, and saw 3 of its levels.

You collected 36 gold pieces.

Inventory:

Missiles
 a - 25 arrows
Armour
 b - a +0 robe (worn)
Scrolls
 f - a scroll of remove curse {unknown}
 h - a scroll of fog {unknown}
Potions
 e - a potion of heal wounds {unknown}
 g - 2 potions of haste
Comestibles
 c - 7 chunks of flesh
 d - 3 rations


   Skills:
 - Level 1.1 Fighting
 - Level 2.6 Dodging
 - Level 5.1 Unarmed Combat
 + Level 2.0 Spellcasting
 + Level 2.6 Transmutations
 + Level 0.0 Poison Magic


You couldn't memorise any spells.
You knew the following spells:

 Your Spells              Type           Power        Failure   Level  Hunger
a - Beastly Appendage     Tmut           #.....       9%          1    ##.....
b - Sticks to Snakes      Tmut           #.......     13%         2    ###....
c - Spider Form           Tmut/Pois      #.........   41%         3    ####...

Your spell library contained the following spells:

 Spells                   Type           Power        Failure   Level  Hunger
 Ice Form                 Ice/Tmut       #.......     82%         4    #####..
 Blade Hands              Tmut           #.........   93%         5    ######.


Dungeon Overview and Level Annotations

Branches:
Dungeon (2/15)

Altars:


Message History

The iguana struggles to escape constriction.
Your ball python bites the iguana but does no damage.
Your ball python constricts the iguana.
The iguana escapes!
Your ball python barely misses the iguana. x2
Your magical contamination has completely faded away.
Your ball python barely misses the iguana.
Your ball python completely misses the iguana.
Your ball python closely misses the iguana.
Your ball python barely misses the iguana.
Your ball python withers and dies!
Casting: Sticks to Snakes (safe; 13% risk of failure)
Confirm with . or Enter, or press ? or * to list all spells.
You create a snake!
You now have 25 arrows.
The iguana hisses menacingly.
You hit the iguana.
You kill the iguana!
Training target 5.0 for Unarmed Combat reached!
Your Unarmed Combat skill increases to level 5!
You need to enable at least one skill for training.
You swap places.
You see here an iguana corpse.
You butcher the iguana corpse.
c - 7 chunks of flesh (gained 2)
You see here an iguana skeleton.
This spell is slightly dangerous to cast.
Memorise Spider Form, consuming 3 spell levels and leaving 0?
You start memorising the spell.
You continue memorising. x3
You finish memorising.
Spell assigned to 'c'.
You close the door.
Your ball python withers and dies!
You now have 36 gold pieces (gained 18).
You open the door.
Found a scroll labeled NIRGHA XEISARA.
There is an open door here.
You are feeling very hungry.
h - a scroll labeled NIRGHA XEISARA A worker ant comes into view.
The worker ant twitches its antennae in your direction.
The worker ant misses you.
Found an orange potion and a battleaxe.
The worker ant closely misses you.
Casting: Sticks to Snakes (safe; 13% risk of failure)
Confirm with . or Enter, or press ? or * to list all spells.
You miscast Sticks to Snakes.
You are very lightly contaminated with residual magic.
Nothing appears to happen.
The worker ant bites you!
* * * LOW HITPOINT WARNING * * *
There is an open door here.
The worker ant bites you.
You die...

...####..####..#
...............+
...............#
.####..####...##
###..####...###+#
#....>..........#
#...............#
#...............#
#.##+####...##@.#
#. ######a##### ..
.....#.....# ..
...........#
#...#..#..########
### ######........
#!....######
#.....# #..)..#


You could see a worker ant.

Vanquished Creatures
  An iguana (D:4)
  2 leopard geckos
  4 giant cockroaches
  4 goblins
  2 hobgoblins (D:1)
  2 kobolds (D:1)
  5 bats
  A frilled lizard (D:1)
  3 rats (D:1)
24 creatures vanquished.

Notes
Turn   | Place    | Note
-------+----------+-------------------------------------------
     0 | D:1      | Flugkiller the Merfolk Transmuter began the quest for the
                  | Orb.
     0 | D:1      | Reached XP level 1. HP: 15/15 MP: 3/3
   156 | D:1      | Reached XP level 2. HP: 20/21 MP: 5/5
   176 | D:1      | Reached skill level 4 in Unarmed Combat
   215 | D:1      | Learned a level 2 spell: Sticks to Snakes
   890 | D:2      | Reached XP level 3. HP: 25/26 MP: 6/6
   941 | D:2      | You fall through a shaft for 2 floors!
  1054 | D:4      | Reached skill level 5 in Unarmed Combat
  1062 | D:4      | Learned a level 3 spell: Spider Form
  1090 | D:4      | Slain by a worker ant

Vault maps used:
D:1:      dpeg_arrival_erosion, minmay_tripent
D:2:      kennysheep_slug_shrine
D:4:      marbit_many_paths, minitemple, ebering_ghost_reflecting_pool,
          first_ration, kennysheep_orc_chapel, uniq_sigmund

Skill      XL: |  1  2  3 |
---------------+----------+-----
Unarmed Combat | 4 5 |  5.1
Fighting       | |  1.1
Dodging        | |  2.6
Spellcasting   | |  2.0
Transmutations | |  2.6

Action                   || total
-------------------------++-------
Melee: Unarmed           ||    73
       Punch             ||     3
       Headbutt          ||     1
 Cast: Beastly Appendage ||     2
       Sticks to Snakes  ||     3
  Use: Scroll            ||     2
Armor: Robe              ||    16
Dodge: Dodged            ||    60

Table legend:
 A = Non-vault XP
 B = Vault XP
 C = Vault XP percentage of total XP
 D = Non-vault monster count
 E = Vault monster count
 F = Vault count percentage of total count
                 A         B        C        D         E       F
            +---------+---------+-------+---------+---------+-------
      Total |      69 |       4 |   5.5 |      22 |       2 |   8.3
            +---------+---------+-------+---------+---------+-------
        D:1 |      28 |       4 |  12.5 |      17 |       2 |  10.5
        D:2 |       6 |       0 |   0.0 |       3 |       0 |   0.0
        D:4 |      35 |       0 |   0.0 |       2 |       0 |   0.0
            +---------+---------+-------+---------+---------+-------
